 Dungeon Crawl Stone Soup version 0.31.0-32-g396128a36d (webtiles) character file.

Game seed: 10967032800387298957

688 Doomgape the Shield-Bearer (level 7, -1/44 HPs)
             Began as a Gargoyle Fighter on Apr 4, 2024.
             Slain by an ogre
             ... wielding a +0 giant club
              (16 damage)
             ... on level 5 of the Dungeon.
             The game lasted 00:07:32 (2649 turns).

Doomgape the Shield-Bearer (Gargoyle Fighter)       Turns: 2649, Time: 00:07:32

Health: -1/44      AC: 17    Str: 22    XL:     7   Next: 63%
Magic:  0/7        EV:  8    Int:  8    God:
Gold:   269        SH:  5    Dex:  9    Spells: 6/6 levels left

rFire   + . .        a - +0 flail (chaos)
rCold   + . .        c - +0 buckler
rNeg    + . .        p - +0 chain mail
rPois   ∞            (no helmet)
rElec   +            o - scarf {rC+ rF+}
rCorr   .            (no gloves)
SInv    .            g - +1 pair of boots
Will    .....        n - amulet of guardian spirit Stlth
                     (no ring)
HPRegen 0.27/turn    (no ring)
MPRegen 0.10/turn

%: guardian spirit
@: no status effects
A: sickness immunity, AC +4, negative energy resistance 1, electricity
resistance, torment resistance 1, petrification resistance
a: no special abilities


You were on level 5 of the Dungeon.
You visited 1 branch of the dungeon, and saw 5 of its levels.

You collected 269 gold pieces.

Inventory:

Hand Weapons
 a - a +0 flail of chaos (weapon)
Armour
 c - a +0 buckler (worn)
 g - a +1 pair of boots (worn)
 o - a scarf of resistance (worn)
 p - a +0 chain mail (worn)
Jewellery
 n - an amulet of guardian spirit (around neck)
Wands
 i - a wand of polymorph (12)
 k - a wand of iceblast (12)
 l - a wand of digging (3)
Scrolls
 b - a scroll of identify
 j - a scroll of blinking
 m - a scroll of amnesia
Potions
 d - a potion of might
 f - 2 potions of attraction
 h - a potion of degeneration {unknown}


   Skills:
 + Level 5.5 Fighting
 + Level 4.4 Maces & Flails
 + Level 5.4 Armour
 + Level 5.5 Shields


You had 6 spell levels left.
You didn't know any spells.
Your spell library contained the following spells:

 Spells                   Type           Power      Damage    Failure   Level
 Jinxbite                 Hex            0%         N/A       99%         2
 Yara's Violent Unravell  Hex/Alch       0%         3d3       100%        5
 Enfeeble                 Hex            0%         N/A       100%        7


Dungeon Overview and Level Annotations

Branches:
Dungeon (5/15)
 Temple: D:4-7

Altars:
Wu Jian


Innate Abilities, Weirdness & Mutations

You are immune to sickness and miasma.
Your stone body is resilient. (AC +4)
You are immune to poison.
You resist negative energy. (rN+)
You are resistant to electric shocks. (rElec)
You are resistant to unholy torment.
You are immune to petrification.


Message History

You hit the orc but do no damage. The orc hits you with a +0 hand axe.
You hit the orc.
The orc is poisoned.
The orc is severely wounded.
The orc hits you with a +0 hand axe.
You sock the orc! You burn the orc.
You kill the orc!
No target in view!
Things that are here:
a +0 hand axe; a +0 ring mail; an orc corpse An ogre comes into view.
It is wielding a +0 giant club.
The ogre shouts!
The ogre closely misses you.
You barely miss the ogre. You hit the ogre. You freeze the ogre.
The ogre is moderately wounded.
The ogre barely misses you.
You thump the ogre!
The ogre is heavily wounded.
The ogre hits you with a +0 giant club!
You hit the ogre.
The ogre is severely wounded.
The ogre hits you with a +0 giant club!!
You hit the ogre.
The ogre seems to speed up.
The ogre is almost dead.
The ogre barely misses you.
You barely miss the ogre.
The ogre is almost dead.
You block the ogre's attack.
Unknown command.
You barely miss the ogre.
The ogre is almost dead.
The ogre hits you with a +0 giant club!
You barely miss the ogre.
The ogre is severely wounded.
You block the ogre's attack. The ogre barely misses you.
Unknown command.
You barely miss the ogre.
The ogre is severely wounded.
The ogre hits you with a +0 giant club!!
You die...

### .# .. #^# # #.
#.#.# #.##.##.#.#
#....O..#.#
#.@..#.# #....#.#
##...#.# #.....#
......#.)#########
###..###.........#
##. #..#######.#
##...## #.# ##.#
#.#


You could see an ogre (fast).

Vanquished Creatures
  Sigmund (D:2)
  Duvessa (D:4)
  A black bear (D:4)
  Blork the orc (D:4)
  Dowan (D:4)
  A bombardier beetle (D:4)
  A hound (D:4)
  Crazy Yiuf (D:4)
  Ijyb (D:4)
  3 adders
  4 dart slugs
  6 orcs
  6 ball pythons
  4 endoplasms
  5 giant cockroaches
  7 hobgoblins
  3 jackals (D:2)
  3 quokkas
  A bat (D:2)
  2 frilled lizards
  8 goblins
  2 kobolds
  3 rats
66 creatures vanquished.

Notes
Turn   | Place    | Note
-------+----------+-------------------------------------------
     0 | D:1      | Doomgape the Gargoyle Fighter began the quest for the Orb.
     0 | D:1      | Reached XP level 1. HP: 14/14 MP: 1/1
   103 | D:1      | Reached XP level 2. HP: 17/19 MP: 2/2
   700 | D:2      | Reached XP level 3. HP: 24/24 MP: 3/3
   736 | D:2      | Noticed Sigmund
   771 | D:2      | Killed Sigmund
   772 | D:2      | Reached XP level 4. HP: 15/30 MP: 4/4
   772 | D:2      | Reached XP level 5. HP: 17/34 MP: 5/5
  1214 | D:3      | Reached XP level 6. HP: 39/39 MP: 6/6
  1656 | D:4      | Noticed Duvessa
  1656 | D:4      | Noticed Dowan
  1672 | D:4      | Killed Duvessa
  1696 | D:4      | Killed Dowan
  1803 | D:4      | Reached skill level 5 in Fighting
  1803 | D:4      | Reached skill level 5 in Armour
  1803 | D:4      | Reached skill level 5 in Shields
  1877 | D:4      | Noticed Blork the orc
  1881 | D:4      | Noticed Ijyb
  1887 | D:4      | Killed Blork the orc
  1888 | D:4      | Reached XP level 7. HP: 44/44 MP: 7/7
  1912 | D:4      | Killed Ijyb
  2057 | D:4      | Found an ornate altar of the Wu Jian Council.
  2258 | D:4      | Found a runed translucent door.
  2259 | D:4      | Noticed Crazy Yiuf
  2272 | D:4      | Killed Crazy Yiuf
  2548 | D:5      | Entered Level 5 of the Dungeon
  2649 | D:5      | Slain by an ogre

Illustrated notes

Levels and vault maps discovered:
D:1:      beargit_arrival_greenhouse, layout_basic
D:2:      layout_rooms, uniq_sigmund
D:3:      layout_rooms
D:4:      layout_basic, nzn_wu_jian_contemplation, minmay_misc_feat_room,
          uniq_crazy_yiuf_cottage, uniq_ijyb, uniq_blork_the_orc, uniq_duvessa
D:5:      layout_loops_ring, gammafunk_ghost_arena, serial_shops,
          kennysheep_mini

Skill      XL: |  1  2  3  4  5  6 |
---------------+-------------------+-----
Fighting       | 4 5 |  5.5
Maces & Flails | 3 4 |  4.4
Armour         | 4 5 |  5.4
Shields        | 4 5 |  5.5

Action                     |  1- 3 |  4- 6 |  7- 9 || total
---------------------------+-------+-------+-------++-------
  Melee: Flail             |    75 |   108 |    61 ||   244
         Unarmed           |       |       |     9 ||     9
    Use: Scroll            |       |     7 |     2 ||     9
         Potion            |       |       |     1 ||     1
   Stab: Invisible         |       |       |     1 ||     1
 Armour: Scale mail        |    57 |    38 |       ||    95
         Chain mail        |       |    43 |    46 ||    89
         Skin              |       |       |    23 ||    23
  Dodge: Dodged            |    38 |    42 |    31 ||   111
  Block: Buckler           |    23 |    21 |    13 ||    57
